 Dungeon Crawl Stone Soup version 0.22-a0-148-gf2798f9 (webtiles) character file.

361147 MatthieuS the Severer (level 21, -6/267 HPs)
             Began as a Demonspawn Wanderer on Feb 6, 2018.
             Was an Elder of Makhleb.
             Mangled by an orange demon (9 damage)
             ... summoned by a deep elf demonologist
             ... led by an ironheart preserver
             ... on level 4 of the Vaults on Feb 7, 2018.
             The game lasted 03:03:41 (39081 turns).

MatthieuS the Severer (Demonspawn Wanderer)        Turns: 39081, Time: 03:03:42

Health: -6/267     AC: 20    Str: 28    XL:     21   Next: 49%
Magic:  27/27      EV: 22    Int: 13    God:    Makhleb [****..]
Gold:   2550       SH: 25    Dex: 23    Spells: 22/22 levels left

rFire    + + .     SeeInvis +   q - +8 broad axe (vamp)
rCold    + + .     Gourm    .   s - +4 shield of the Locust {Str+3}
rNeg     . . .     Faith    .   c - +2 storm dragon scales {Bai Suzhen}
rPois    +         Spirit   .   (helmet unavailable)
rElec    +         Reflect  +   v - +2 cloak {rF+}
rCorr    .         Harm     .   O - +1 pair of gloves {Dex+3}
MR       +....                  Z - +2 pair of boots
Stlth    ..........             P - amulet "Hutash" {Reflect Dex+2 SH+5}
HPRegen  3.54/turn              g - ring "Onas" {rPois rC+ EV+3 Str-5 Dex+5}
MPRegen  0.20/turn              W - ring of protection from fire

@: berserking, corroded, slowed
A: antennae 3, beak, iridescent scales 2, blink, cold resistance 1, foul stench
2, powered by death 3, strong 1, rot immunity, MP-powered wands
}: 2/15 runes: serpentine, barnacled
a: Blink, Minor Destruction, Lesser Servant of Makhleb, Major Destruction,
Renounce Religion


You were on level 4 of the Vaults.
You worshipped Makhleb.
Makhleb was greatly pleased with you.
You were not hungry.

You visited 6 branches of the dungeon, and saw 35 of its levels.
You visited 1 bazaar.
You also visited: Bailey, Ice Cave and Volcano.

You collected 4943 gold pieces.
You spent 2393 gold pieces at shops.

Inventory:

Hand Weapons
 a - a +2 broad axe of electrocution
 q - a +8 vampiric broad axe (weapon)
 I - a +3 demon trident of electrocution
 T - a +7 antimagic broad axe
Missiles
 L - 7 throwing nets (quivered)
Armour
 c - +2 storm dragon scales (worn) {Bai Suzhen}
 s - the +4 shield of the Locust (worn) {Str+3}
   (You found it on level 8 of the Dungeon)

   It affects your strength (+3).
 v - a +2 cloak of fire resistance (worn)
 O - a +1 pair of gloves of dexterity (worn)
 Z - a +2 pair of boots (worn)
Jewellery
 g - the ring "Onas" (left hand) {rPois rC+ EV+3 Str-5 Dex+5}
   (You found it on level 4 of the Shoals)

   [ring of evasion]

   It affects your evasion (+3).
   It affects your strength (-5).
   It affects your dexterity (+5).
   It protects you from cold.
   It protects you from poison.
 y - an uncursed ring of resist corrosion
 P - the amulet "Hutash" (around neck) {Reflect Dex+2 SH+5}
   (You acquired it on level 2 of the Orcish Mines)

   [amulet of reflection]

   It shields you and reflects attacks.
   It affects your dexterity (+2).
   It affects your SH (+5).
 W - a ring of protection from fire (right hand)
Wands
 d - a wand of iceblast (70)
 p - a wand of digging (25)
 C - a wand of scattershot (9)
 F - a wand of clouds (5)
 M - a wand of disintegration (39)
 S - a wand of random effects (13)
 X - a wand of paralysis (26)
Scrolls
 i - 14 scrolls of remove curse
 k - 15 scrolls of identify
 o - 16 scrolls of teleportation
 B - 6 scrolls of magic mapping
 K - a scroll of silence
 Q - 4 scrolls of fear
 R - 9 scrolls of fog
Potions
 h - 2 potions of haste
 m - 2 potions of resistance
 r - 3 potions of flight
 t - a potion of berserk rage
 w - 6 potions of invisibility
 z - 12 potions of curing
 A - 2 potions of cancellation
 D - a potion of mutation
 E - a potion of ambrosia
 G - 3 potions of might
 U - a potion of brilliance
Comestibles
 b - 4 chunks of flesh
 f - 58 rations


   Skills:
 + Level 18.7 Fighting
   Level 0.1 Short Blades
 - Level 18.7(19.1) Axes
 - Level 7.3(14.3) Polearms
 + Level 13.7 Armour
 + Level 12.3 Dodging
 - Level 15.0 Shields
 - Level 1.3 Spellcasting
   Level 4.1 Summonings
 + Level 8.8 Invocations
 - Level 1.0 Evocations


You had 22 spell levels left.
You didn't know any spells.

Dungeon Overview and Level Annotations

Branches:
Dungeon (15/15)            Temple (0/1) D:5            Lair (6/6) D:8
 Shoals (4/4) Lair:4        Snake (4/4) Lair:4        Slime (0/5) Lair:5
    Orc (2/2) D:11            Elf (0/3) Orc:2        Vaults (4/5) D:14
  Crypt (0/3) Vaults:2     Depths (0/5) D:15

Altars:
Dithmenos
Fedhas
Makhleb
Trog
Beogh

Shops:
D:4 [   D:8 *   Orc:1 *   Orc:2 ?}(%(   Shoals:4 (   Snake:1 }*   Snake:4 ([[[

Annotations:
D:7 1 runed door


Innate Abilities, Weirdness & Mutations

You have a pair of large antennae on your head. (SInv)
You are mostly covered in iridescent scales. (AC +4)
Your flesh is cold resistant. (rC+)
You frequently emit foul miasma when damaged in melee.
You regenerate a lot of health from kills.
You are immune to rotting.
You have a beak for a mouth.
You can translocate small distances at will.
Your muscles are strong. (Str +2)
You expend magic power (3 MP) to strengthen your wands.


Message History

You block the hell beast's attack.
The deep elf mage casts a spell.
The deep elf mage blinks!
The deep elf demonologist barely misses you.
The orange demon stings you but does no damage.
The sixfirhy barely misses you.
The deep elf archer shoots an arrow.
The arrow hits you!!
* * * LOW HITPOINT WARNING * * *
You slash the Executioner!
The Executioner is almost dead.
You slash the deep elf demonologist! You closely miss the sixfirhy.
You barely miss the hell beast. The Executioner gestures at you.
Pain shoots through your body!
* * * LOW HITPOINT WARNING * * *
You block the Executioner's attack.
The Executioner hits you but does no damage.
The Executioner misses you. You block the hell beast's attack.
The hell beast barely misses you. The orange demon stings you from afar!
You die...

##'######'##
#.....###
..#...#..#.#
#.....#
..#...#..#.#
#.....# {
######'###'#
#..e..#
.........#.#
#....(#
.8.....8.#.#
#.....#
.........#.#
#.....#
##'#########
#.2...#
..#...#.)#.#
#@14..#
..#...#..#.#
#3e2..#
######'##'##
#4ยง...#
..#...#..#.#
#.....#
############
#.(.....
#......(.
#........
+..e.....


You could see 2 hell beasts, an Executioner, a deep elf demonologist, an orange
demon, a deep elf archer, a rust devil, a deep elf mage and a sixfirhy.

Vanquished Creatures
  Bai Suzhen (Vaults:3)
  Asterion (Snake:3)
  Rupert (Orc:2)
  Polyphemus (Shoals:4)
  2 sphinxes (Vaults:1)
  Agnes (Snake:1)
  2 fire giants (Vaults:3)
  A storm dragon (Vaults:1)
  17 nagarajas
  A deep elf sorcerer (Vaults:1)
  Ilsuiw (Shoals:4)
  2 frost giants
  Aizul (Snake:1)
  9 vault wardens
  The ghost of edsrzf the Nimble, a journeyman OpFE of Makhleb (D:12)
  Louise (D:14)
  13 ironheart preservers
  A ghoul (Vaults:1)
  4 entropy weavers
  2 war gargoyles
  13 very ugly things
  9 stone giants
  Nessos (Lair:6)
  A deep elf demonologist (Vaults:4)
  A deep elf annihilator (Vaults:1)
  A purple draconian (Vaults:1)
  A crystal guardian (Vaults:1)
  A red draconian (Vaults:1)
  A merfolk javelineer (Shoals:4)
  7 yaktaur captains
  3 fire dragons
  9 merfolk impalers (Shoals:4)
  9 ogre magi
  4 ice dragons
  5 great orbs of eyes
  A rakshasa (Vaults:3)
  25 naga warriors
  2 death knights (Vaults:1)
  11 anacondas
  11 vault guards
  5 hydras
  3 catoblepae
  8 centaur warriors
  A merfolk aquamancer (Shoals:4)
  37 two-headed ogres
  3 deep troll shamans
  11 death yaks
  3 tengu warriors
  20 naga sharpshooters
  8 shock serpents
  An orc high priest (Vaults:2)
  A hell knight (Volcano)
  Sonja (Lair:3)
  A shock serpent (shapeshifter) (Vaults:3)
  6 deep elf knights
  A salamander mystic (Snake:3)
  A shadow wraith (Vaults:3)
  32 slime creatures
  11 sea snakes
  A death drake (shapeshifter) (Vaults:3)
  A flayed ghost (Vaults:1)
  3 deep elf archers
  A glowing orange brain (Vaults:1)
  10 naga ritualists
  8 deep trolls
  13 ironbrand convokers
  2 phantasmal warriors
  4 wizards
  16 orc knights
  2 lindwurms
  25 harpies
  4 necromancers
  10 deep elf magi
  An oklob plant (Lair:5)
  A mana viper (shapeshifter) (D:15)
  A wolf spider (Vaults:1)
  5 fauns
  9 mana vipers
  4 orc sorcerers
  8 cyclopes
  12 manticores
  2 merfolk sirens
  12 salamanders
  A moth of wrath (Vaults:1)
  13 elephants
  A human skeleton (Vaults:2)
  3 centaur zombies
  8 guardian serpents
  An ice statue (IceCv)
  A frost giant skeleton (Vaults:2)
  7 spiny frogs
  22 ugly things
  Maurice (D:11)
  A molten gargoyle (D:14)
  A spiny frog (shapeshifter) (Vaults:3)
  4 water nymphs
  46 black mambas
  A gargoyle (D:12)
  11 vault sentinels
  17 naga magi
  A guardian serpent (shapeshifter) (Vaults:1)
  A rime drake (shapeshifter) (Vaults:1)
  A torpor snail (Lair:6)
  A kobold demonologist (D:15)
  An efreet (D:13)
  16 yaktaurs
  6 rime drakes
  16 freezing wraiths
  A komodo dragon (shapeshifter) (Vaults:2)
  A yaktaur (shapeshifter) (Vaults:1)
  10 komodo dragons
  A tengu conjurer (D:14)
  A jumping spider (shapeshifter) (D:14)
  A jumping spider (Vaults:3)
  4 polar bears
  6 wind drakes
  21 trolls
  2 hornets
  22 merfolk
  7 blink frogs
  12 dream sheep
  9 hippogriffs
  5 snapping turtles
  6 redbacks
  A vampire (D:9)
  4 wraiths
  A shadow (D:15)
  65 yaks
  7 wyverns
  8 water elementals
  3 hungry ghosts
  20 humans (D:14)
  2 basilisks
  An orc simulacrum (Vaults:2)
  11 steam dragons
  2 vampire mosquitoes (D:12)
  75 nagas
  6 wargs
  19 water moccasins
  2 acid dragons
  6 porcupines
  6 black bears
  9 ice beasts
  6 sky beasts
  An eye of draining (shapeshifter) (Vaults:1)
  40 orc warriors
  A centaur (shapeshifter) (D:15)
  9 wolves
  44 ogres
  3 boggarts (D:15)
  14 centaurs
  9 crocodiles
  3 big kobolds
  A gnoll sergeant (Orc:1)
  21 bullfrogs
  4 scorpions
  An elephant simulacrum (IceCv)
  23 wights
  4 howler monkeys
  3 electric eels
  5 crimson imps
  2 quasits
  8 draconian simulacra (IceCv)
  A jelly (D:14)
  3 bullfrog zombies
  4 hounds
  15 orc priests
  4 bullfrog skeletons
  5 centaur skeletons
  An iguana (D:8)
  10 worker ants
  17 orc wizards
  3 polar bear simulacra (IceCv)
  5 troll simulacra (IceCv)
  3 killer bee zombies
  3 spriggan simulacra (IceCv)
  2 centaur simulacra (IceCv)
  2 hound skeletons
  A worker ant zombie (D:5)
  12 gnolls
  8 adders
  A naga simulacrum (IceCv)
  An ogre simulacrum (IceCv)
  5 shadow imps
  12 white imps (IceCv)
  An ooze (D:6)
  An adder skeleton (D:4)
  5 worms
  7 leopard geckos
  81 orcs
  3 ball pythons
  4 giant cockroaches
  17 goblins
  12 hobgoblins
  9 jackals
  30 kobolds
  7 quokkas
  4 bats
  5 frilled lizards
  A leopard gecko skeleton (D:7)
  A leopard gecko zombie (D:5)
  9 rats
  A fungus (Lair:5)
  8 plants
1553 creatures vanquished.

Vanquished Creatures (collateral kills)
  Mennas (Vaults:3)
  Frances (Snake:1)
  Snorg (Lair:5)
  A merfolk impaler (Shoals:4)
  A catoblepas (Lair:6)
  3 anacondas (Snake:1)
  4 oklob plants (Lair:3)
  3 merfolk sirens (Shoals:4)
  A black mamba (Snake:1)
  A guardian serpent (Snake:1)
  2 naga magi (Snake:1)
  3 elephants (Lair:2)
  A spiny frog (Lair:6)
  A rime drake (Lair:5)
  2 blink frogs (Lair:6)
  3 dream sheep (Lair:6)
  8 nagas
  A water moccasin (Lair:6)
  2 orc warriors (D:11)
  A centaur (D:12)
  A crocodile (Lair:6)
  A wight (D:11)
  2 orc wizards (D:11)
  3 adders
  A worm (D:2)
  4 goblins (D:1)
  2 hobgoblins (D:1)
  A ball python (D:2)
  5 kobolds
  7 rats
68 creatures vanquished.

Vanquished Creatures (others)
  An ironheart preserver (Vaults:1)
  A merfolk javelineer (Shoals:4)
  A yaktaur captain (Vaults:1)
  A naga warrior (Snake:4)
  2 centaur warriors
  2 naga sharpshooters
  An ironbrand convoker (Vaults:1)
  2 cyclopes
  2 naga magi
  4 rime drakes (Lair:5)
  3 yaktaurs
  A slime creature (Vaults:2)
  A steam dragon (Lair:5)
  6 centaurs
  A crimson imp (D:14)
  An orc (Vaults:2)
  3 fungi
  8 plants
  A withered plant (D:5)
42 creatures vanquished.

Grand Total: 1663 creatures vanquished

Notes
Turn   | Place    | Note
-------+----------+-------------------------------------------
     0 | D:1      | MatthieuS the Demonspawn Wanderer began the quest for the Orb.
     0 | D:1      | MatthieuS set off with: a book of Minor Magic, a +0 buckler, a +0 robe, a +0 dagger, a ration
     0 | D:1      | Reached XP level 1. HP: 15/15 MP: 2/2
   518 | D:1      | Gained mutation: You regenerate a little health from kills. [demonic ancestry]
   518 | D:1      | Reached XP level 2. HP: 21/21 MP: 3/3
   540 | D:1      | Learned a level 2 spell: Call Imp
  1219 | D:2      | Reached XP level 3. HP: 27/27 MP: 2/4
  2043 | D:3      | Noticed a moth of wrath
  2046 | D:3      | Found a bloodstained altar of Trog.
  2216 | D:3      | Gained mutation: You are immune to rotting. [demonic ancestry]
  2216 | D:3      | Reached XP level 4. HP: 19/33 MP: 2/5
  2345 | D:3      | Became a worshipper of Trog the Wrathful
  3004 | D:4      | Reached skill level 1 in Polearms
  3118 | D:4      | Gained mutation: You may emit foul miasma when damaged in melee. [demonic ancestry]
  3118 | D:4      | Reached XP level 5. HP: 28/39 MP: 6/6
  3257 | D:5      | Entered Level 5 of the Dungeon
  3257 | D:5      | Noticed an ogre
  3276 | D:5      | Found a shadowy altar of Dithmenos.
  3473 | D:5      | Gained mutation: You regenerate health from kills. [demonic ancestry]
  3473 | D:5      | Reached XP level 6. HP: 46/46 MP: 7/7
  3596 | D:5      | Found a staircase to the Ecumenical Temple.
  3744 | D:5      | Gained mutation: Your mind is acute. (Int +2) [potion of mutation]
  3744 | D:5      | Gained mutation: You have a beak for a mouth. [potion of mutation]
  3744 | D:5      | Gained mutation: Your system is resistant to poisons. (rPois) [potion of mutation]
  3744 | D:5      | Gained mutation: You have a pair of small antennae on your head. [potion of mutation]
  3887 | D:5      | Reached * piety under Trog
  3924 | D:4      | Found Yhyfa's Antique Armour Shoppe.
  3945 | D:4      | Mutation became permanent: You have a pair of small antennae on your head. [demonic ancestry]
  3945 | D:4      | Gained mutation: You have a pair of small antennae on your head. [demonic ancestry]
  3945 | D:4      | Reached XP level 7. HP: 52/52 MP: 8/8
  4409 | D:4      | Found a burning altar of Makhleb.
  4829 | D:6      | Reached XP level 8. HP: 60/60 MP: 9/9
  4949 | D:6      | Reached ** piety under Trog
  5027 | D:6      | Found the +4 robe of Augmentation {Str+4 Int+4 Dex+4}
  5217 | D:6      | Reached skill level 5 in Polearms
  5791 | D:7      | Reached skill level 5 in Fighting
  5826 | D:7      | Reached skill level 5 in Armour
  6098 | D:7      | Reached *** piety under Trog
  6257 | D:7      | Found a runed door.
  6328 | D:8      | Found a flagged portal.
  6341 | Bailey   | Entered a bailey
  6353 | Bailey   | Received a gift from Trog
  6364 | Bailey   | Noticed an orc knight
  6382 | Bailey   | Reached XP level 9. HP: 68/68 MP: 10/10
  6386 | Bailey   | Killed an orc knight
  6633 | D:8      | Reached skill level 1 in Axes
  6648 | D:8      | Found Guodghibe's Demolitions Depot.
  6700 | D:8      | Found a staircase to the Lair.
  7321 | D:8      | Noticed a two-headed ogre
  7336 | D:8      | Killed a two-headed ogre
  7707 | D:8      | Got a jewelled shield
  7718 | D:8      | Identified the +4 shield of the Locust {Str+3} (You found it on level 8 of the Dungeon)
  7772 | D:9      | Gained mutation: You frequently emit foul miasma when damaged in melee. [demonic ancestry]
  7772 | D:9      | Reached XP level 10. HP: 77/79 MP: 11/11
  7910 | D:9      | Reached **** piety under Trog
  8647 | D:10     | Entered Level 10 of the Dungeon
  8658 | D:10     | Reached skill level 5 in Shields
  8659 | D:10     | Reached skill level 5 in Axes
  8697 | D:10     | Received a gift from Trog
  8739 | D:10     | Noticed a two-headed ogre
  8746 | D:10     | Killed a two-headed ogre
  9181 | D:10     | You fall through a shaft for 2 floors!
  9183 | D:12     | Noticed a brown ugly thing
  9198 | D:12     | Killed a brown ugly thing
  9199 | D:12     | Noticed edsrzf's ghost (journeyman OpFE)
  9292 | D:12     | Noticed a four-headed hydra
  9322 | D:12     | Noticed a red ugly thing
  9391 | D:12     | HP: 3/80 [red ugly thing (23)]
  9395 | D:12     | Noticed a manticore
  9395 | D:12     | Noticed a catoblepas
  9395 | D:12     | Noticed a manticore
  9395 | D:12     | Noticed a catoblepas
  9953 | Lair:1   | Entered Level 1 of the Lair of Beasts
  9970 | Lair:1   | Gained mutation: You are partially covered in iridescent scales. (AC +2) [demonic ancestry]
  9970 | Lair:1   | Reached XP level 11. HP: 86/86 MP: 12/12
 10940 | Lair:2   | Noticed a five-headed hydra
 10956 | Lair:2   | Killed a five-headed hydra
 11256 | Lair:2   | Reached ***** piety under Trog
 11887 | Lair:3   | Gained mutation: You are mostly covered in iridescent scales. (AC +4) [demonic ancestry]
 11887 | Lair:3   | Reached XP level 12. HP: 72/96 MP: 13/13
 11992 | Lair:3   | Got a transparent quarterstaff
 11997 | Lair:3   | Identified the +6 quarterstaff of MatthieuS's Terror {drain, rPois Int+4} (You found it on level 3 of the Lair of Beasts)
 12224 | Lair:3   | Found a dark tunnel.
 12240 | Volcano  | Entered a volcano
 12284 | Volcano  | Noticed an ogre mage
 12315 | Volcano  | Paralysed by an ogre mage for 3 turns
 12322 | Volcano  | Paralysed by an ogre mage for 5 turns
 12328 | Volcano  | Killed an ogre mage
 12328 | Volcano  | Reached skill level 10 in Fighting
 12328 | Volcano  | Reached skill level 10 in Axes
 12349 | Volcano  | Found a burning altar of Makhleb.
 12354 | Volcano  | Noticed a two-headed ogre
 12358 | Volcano  | Killed a two-headed ogre
 12405 | Volcano  | Noticed a two-headed ogre
 12406 | Volcano  | Noticed a two-headed ogre
 12412 | Volcano  | Killed a two-headed ogre
 12416 | Volcano  | Killed a two-headed ogre
 12457 | Volcano  | Noticed a two-headed ogre
 12457 | Volcano  | Noticed a two-headed ogre
 12457 | Volcano  | Noticed a two-headed ogre
 12478 | Volcano  | Killed a two-headed ogre
 12501 | Volcano  | Killed a two-headed ogre
 12506 | Volcano  | Killed a two-headed ogre
 12740 | Lair:3   | Noticed Sonja
 12764 | Lair:3   | Killed Sonja
 12967 | Lair:3   | Got a steaming helmet
 12972 | Lair:3   | Identified the +0 helmet of Uhaix {*Slow rElec Dex+2} (You found it on level 3 of the Lair of Beasts)
 13200 | Lair:4   | Reached XP level 13. HP: 105/105 MP: 14/14
 13236 | Lair:4   | Found a staircase to the Snake Pit.
 13393 | Lair:4   | Found a staircase to the Shoals.
 13868 | Lair:5   | Found a staircase to the Slime Pits.
 14121 | Lair:5   | Noticed Snorg
 14126 | Lair:5   | Killed Snorg
 14126 | Lair:5   | Reached skill level 10 in Shields
 14479 | Lair:5   | Noticed a fire dragon
 14492 | Lair:5   | Killed a fire dragon
 14646 | Lair:5   | Got a faintly glowing ring mail
 14657 | Lair:5   | Identified the +2 ring mail of the Evening {rCorr} (You found it on level 5 of the Lair of Beasts)
 14912 | Lair:6   | Entered Level 6 of the Lair of Beasts
 14912 | Lair:6   | Noticed Nessos
 14941 | Lair:6   | Killed Nessos
 15356 | Lair:6   | Gained mutation: You have a pair of antennae on your head. [demonic ancestry]
 15356 | Lair:6   | Reached XP level 14. HP: 115/115 MP: 15/15
 15655 | Lair:6   | Found the cursed +14 obsidian axe {chop, +Fly SInv *Curse}
 16515 | D:11     | Found a burning altar of Makhleb.
 16755 | D:11     | Noticed Maurice
 16762 | D:11     | Killed Maurice
 16991 | D:11     | Found a staircase to the Orcish Mines.
 17660 | Orc:1    | Entered Level 1 of the Orcish Mines
 17804 | Orc:1    | Found Viqoen's General Store.
 17809 | Orc:1    | Bought a scroll of brand weapon for 240 gold pieces
 17863 | Orc:1    | Found a roughly hewn altar of Beogh.
 17941 | Orc:1    | Found a frozen archway.
 17957 | IceCv    | Entered an ice cave
 18028 | IceCv    | Received a gift from Trog
 18134 | IceCv    | Found an ancient bone altar of Kikubaaqudgha.
 18528 | Orc:2    | Entered Level 2 of the Orcish Mines
 18617 | Orc:2    | Noticed Rupert
 18636 | Orc:2    | Killed Rupert
 18785 | Orc:2    | Found Lineh's Weapon Shop.
 18791 | Orc:2    | Received a gift from Trog
 18809 | Orc:2    | Reached XP level 15. HP: 123/123 MP: 16/16
 18832 | Orc:2    | Paralysed by an ogre mage for 2 turns
 18835 | Orc:2    | Found Aniabbuh's Food Shoppe.
 18844 | Orc:2    | Found Ajuacen's Weapon Shoppe.
 18872 | Orc:2    | Got a dazzling trident {god gift}
 18876 | Orc:2    | Identified the +10 trident "Spiderslayer" {flame, Str+2} (Trog gifted it to you on level 2 of the Orcish Mines)
 18900 | Orc:2    | Found Soyxag's Gadget Emporium.
 18913 | Orc:2    | Found Suana's Magic Scroll Shoppe.
 18941 | Orc:2    | Bought a scroll of acquirement for 624 gold pieces
 18941 | Orc:2    | Bought a scroll of fear for 42 gold pieces
 18941 | Orc:2    | Bought 3 scrolls of fog for 72 gold pieces
 18941 | Orc:2    | Bought a scroll of teleportation for 36 gold pieces
 18941 | Orc:2    | Bought a scroll of teleportation for 36 gold pieces
 18941 | Orc:2    | Bought a scroll of teleportation for 36 gold pieces
 18941 | Orc:2    | Bought a scroll of identify for 24 gold pieces
 18947 | Orc:2    | Got a steaming golden amulet
 18948 | Orc:2    | Identified the amulet "Hutash" {Reflect Dex+2 SH+5} (You acquired it on level 2 of the Orcish Mines)
 18955 | Orc:2    | Reached skill level 15 in Axes
 18972 | Orc:2    | Found a staircase to the Elven Halls.
 18989 | Orc:2    | Found a roughly hewn altar of Beogh.
 19014 | Orc:2    | Received a gift from Trog
 19811 | D:12     | Killed edsrzf's ghost
 20533 | D:13     | Received a gift from Trog
 21228 | D:14     | Received a gift from Trog
 21402 | D:14     | Noticed Louise
 21440 | D:14     | Killed Louise
 21858 | D:14     | Found a gate to the Vaults.
 22050 | D:14     | Got an ichor-stained scale mail
 22061 | D:14     | Identified the +6 scale mail of Xipairek {rPois Str-3 Dex+4} (You found it on level 14 of the Dungeon)
 22108 | D:15     | Entered Level 15 of the Dungeon
 22230 | D:15     | Reached ****** piety under Trog
 22292 | D:15     | Reached XP level 16. HP: 133/133 MP: 5/17
 22400 | D:15     | Received a gift from Trog
 22819 | D:15     | Found a staircase to the Depths.
 23441 | Snake:1  | Entered Level 1 of the Snake Pit
 23505 | Snake:1  | Noticed Aizul
 23521 | Snake:1  | Killed Aizul
 23952 | Snake:1  | Found a runed gate.
 23952 | Snake:1  | Found a runed gate.
 23952 | Snake:1  | Found a runed gate.
 23979 | Snake:1  | Reached skill level 1 in Dodging
 24089 | Snake:1  | Noticed Agnes
 24104 | Snake:1  | Killed Agnes
 24381 | Snake:1  | Noticed Frances
 24390 | Snake:1  | Killed Frances
 24496 | Snake:1  | Found Jeadoc's Assorted Antiques.
 24498 | Snake:1  | Found Xeus's Gadget Emporium.
 25243 | Snake:2  | Received a gift from Trog
 25831 | Snake:3  | Reached XP level 17. HP: 140/140 MP: 6/18
 26280 | Snake:3  | Noticed Asterion
 26296 | Snake:3  | Killed Asterion
 26345 | Snake:3  | Reached skill level 15 in Fighting
 27109 | Snake:4  | Entered Level 4 of the Snake Pit
 27109 | Snake:4  | Found Heoxitisch's Antique Armour Boutique.
 27132 | Snake:4  | Found Taliv's Antique Armour Shoppe.
 27166 | Snake:4  | Bought a faintly humming plate armour for 812 gold pieces
 27183 | Snake:4  | Received a gift from Trog
 27203 | Snake:3  | Identified the +6 plate armour of Least Resistance {rElec Str-2 Dex+4} (You bought it in a shop on level 4 of the Snake Pit)
 27262 | Snake:4  | Found Xuinioxt's Armour Shoppe.
 27658 | Snake:4  | Found Rantipp's Antique Weapon Shoppe.
 27666 | Snake:4  | Bought a dazzling war axe for 246 gold pieces
 27666 | Snake:4  | Identified the cursed +2 war axe "Daehitt" {protect, *Drain rF++ Int+4} (You bought it in a shop on level 4 of the Snake Pit)
 27690 | Snake:4  | Reached skill level 5 in Dodging
 27947 | Snake:4  | Found a gateway to a bazaar.
 27963 | Bazaar   | Entered a bazaar
 27963 | Bazaar   | Found Caemot's Antique Armour Boutique.
 27963 | Bazaar   | Found Liptott's Armour Shoppe.
 27966 | Bazaar   | Found Zaits's Antique Armour Boutique.
 27987 | Bazaar   | Found Rygac's Armour Shop.
 28017 | Bazaar   | Found Jetaogoq's Book Shoppe.
 28049 | Bazaar   | Bought a pair of runed boots for 225 gold pieces
 28558 | Snake:4  | Received a gift from Trog
 28570 | Snake:4  | Gained mutation: You regenerate a lot of health from kills. [demonic ancestry]
 28570 | Snake:4  | Reached XP level 18. HP: 148/151 MP: 6/19
 28734 | Snake:4  | Got a serpentine rune of Zot
 29315 | Snake:4  | Reached skill level 10 in Armour
 29427 | Snake:4  | Received a gift from Trog
 29845 | Shoals:1 | Entered Level 1 of the Shoals
 29953 | Shoals:1 | Got a distressingly furry buckler
 29964 | Shoals:1 | Identified the +5 buckler of Abstinence {Int+5 Stlth+} (You acquired it on level 1 of the Shoals)
 31175 | Shoals:2 | Found a blossoming altar of Fedhas.
 31586 | Shoals:3 | Reached skill level 15 in Shields
 31592 | Shoals:3 | Received a gift from Trog
 31743 | Shoals:4 | Entered Level 4 of the Shoals
 31853 | Shoals:4 | Got an ancient golden ring
 31854 | Shoals:4 | Identified the ring "Avurei" {Wiz MR+} (You found it on level 4 of the Shoals)
 31871 | Shoals:4 | Found Zucwuobe's Weapon Shoppe.
 32277 | Shoals:4 | Identified the ring "Onas" {rPois rC+ EV+3 Str-5 Dex+5} (You found it on level 4 of the Shoals)
 32301 | Shoals:4 | Lost mutation: Your system is resistant to poisons. (rPois) [potion of mutation]
 32301 | Shoals:4 | Lost mutation: Your mind is acute. (Int +2) [potion of mutation]
 32301 | Shoals:4 | Gained mutation: Your spells are a little easier to cast, but a little less powerful. [potion of mutation]
 32301 | Shoals:4 | Gained mutation: You are agile. (Dex +2) [potion of mutation]
 32302 | Shoals:4 | Lost mutation: Your spells are a little easier to cast, but a little less powerful. [potion of mutation]
 32302 | Shoals:4 | Lost mutation: You are agile. (Dex +2) [potion of mutation]
 32302 | Shoals:4 | Gained mutation: You expend magic power (3 MP) to strengthen your wands. [potion of mutation]
 32302 | Shoals:4 | Gained mutation: You can translocate small distances at will. [potion of mutation]
 32302 | Shoals:4 | Gained mutation: Your muscles are strong. (Str +2) [potion of mutation]
 32316 | Shoals:4 | Noticed Polyphemus
 32355 | Shoals:4 | Killed Polyphemus
 32355 | Shoals:4 | Gained mutation: Your flesh is cold resistant. (rC+) [demonic ancestry]
 32355 | Shoals:4 | Reached XP level 19. HP: 140/159 MP: 6/20
 32426 | Shoals:4 | Got a barnacled rune of Zot
 32609 | Shoals:4 | Noticed Ilsuiw
 32621 | Shoals:4 | Received a gift from Trog
 32695 | Shoals:4 | Killed Ilsuiw
 33194 | Vaults:1 | Entered Level 1 of the Vaults
 33630 | Vaults:1 | Received a gift from Trog
 33947 | Vaults:1 | Reached skill level 10 in Dodging
 34025 | Vaults:1 | Paralysed by a great orb of eyes for 6 turns
 34268 | Vaults:1 | Received a gift from Trog
 34270 | Vaults:1 | Gained mutation: You have a pair of large antennae on your head. (SInv) [demonic ancestry]
 34270 | Vaults:1 | Reached XP level 20. HP: 168/168 MP: 1/21
 34799 | Vaults:1 | Received a gift from Trog
 34825 | Vaults:1 | Paralysed by a great orb of eyes for 4 turns
 35184 | D:11     | Fell from the grace of Trog
 35184 | D:11     | Became a worshipper of Makhleb the Destroyer
 35583 | Vaults:2 | Reached * piety under Makhleb
 35835 | Vaults:2 | Found a staircase to the Crypt.
 36034 | Vaults:2 | Reached skill level 1 in Invocations
 36210 | Vaults:2 | Reached ** piety under Makhleb
 37204 | Vaults:3 | Reached *** piety under Makhleb
 37254 | Vaults:3 | Reached skill level 5 in Invocations
 37461 | Vaults:3 | Reached **** piety under Makhleb
 37473 | Vaults:3 | Reached XP level 21. HP: 177/177 MP: 25/25
 37571 | Vaults:3 | Noticed Mennas
 37626 | Vaults:3 | HP: 5/178 [Mennas/sacred scourge of holy wrath (22)]
 37629 | Vaults:3 | Killed Mennas
 38416 | Vaults:3 | Reached ***** piety under Makhleb
 38573 | Vaults:3 | Noticed Bai Suzhen
 38595 | Vaults:3 | Killed Bai Suzhen
 39080 | Vaults:4 | HP: 10/267 [deep elf archer/arrow[an ironheart preserver] (27)]
 39081 | Vaults:4 | HP: 3/267 [Executioner/nerve-wracking pain[an ironheart preserver] (9)]
 39081 | Vaults:4 | Mangled by an orange demon

Vault maps used:
D:1:      eino_arrival_water_cross
D:3:      tgw_trog
D:4:      makhleb_blood_cavern_becter, serial_shops,
          nicolae_shop_window_shopping
D:5:      minmay_temple_entry_hall, serial_undead, serial_undead_c,
          serial_undead_c, serial_undead_f, serial_undead_b, first_ration,
          minmay_misc_feat_doors, nicolae_dithmenos_shadow_blocks
D:7:      mumra_transporter_accident, grunt_ogre_cave, uniq_crazy_yiuf_cottage
D:8:      lair_entry_dummy, enter_bailey_2, minmay_holes, nicolae_blasting_shop
D:9:      corexii_shack_village
D:11:     david_orc_4, basic_altar, uniq_maurice
D:12:     nzn_motion_control
D:14:     grunt_vaults_entry_tiered, minmay_misc_feat_tiny,
          kennysheep_inner_square, uniq_louise
D:15:     gammafunk_enter_depths_forms, minmay_misc_feat_rows,
          wad_floor_pattern_1
Lair:1:   statuecave_lemuel, infiniplex_staircase_pool, serial_bayou_shore_b
Lair:2:   lemuel_fruit_tree, lemuel_fruit_fields, serial_bayou_shore_a,
          infiniplex_staircase_pool_2
Lair:3:   nicolae_volcano_entry_vermiform, grunt_megastairs_3,
          minmay_lair_oklob_chamber, uniq_sonja
Lair:4:   minmay_shoals_entry_lonely_mermaid, dummy_snake_entry,
          serial_bayou_shore_b, lemuel_fruit_fields
Lair:5:   slime_dummy, nicolae_quartered_pool_super, bobbens_dragon_lair_wall,
          uniq_snorg
Lair:6:   grunt_lair_end_beastmaster, uniq_nessos
Shoals:2: lemuel_centaur_altar
Shoals:3: nicolae_shoals_cliffside_cave
Shoals:4: shoals_end_grunt_ice, shoals_ilsuiw_ice, serial_shops, shop,
          abandoned_shop, uniq_polyphemus
Snake:1:  st_stairs_13, spider_trap, hangedman_snake_wide_pillar_pass,
          nicolae_snake_horde_hoard, minmay_shoptagon, uniq_aizul, uniq_agnes,
          uniq_frances
Snake:3:  spider_trap, grunt_megastairs_2, uniq_asterion
Snake:4:  grunt_snake_rune_spirals, serial_shops, bzr_entry_gold, shop,
          shop_fountains, nicolae_shop_statue_plus, shop, serial_bayou_pond_d,
          st_stairs_6
Orc:1:    basic_altar, portal_ice_cave_entry_pillars_2, serial_shops, shop
Orc:2:    st_orc_open, basic_altar, serial_shops, shop, uniq_rupert
Vaults:1: hangedman_vaults_slither, dpeg_vaults_monster_row,
          nicolae_vaults_big_ls, hangedman_vaults_pinch, v_misc_22, v_misc_24,
          nicolae_vaults_twisting_passages, vaults_room_grid, vaults_mumra_lcd,
          st_greater_box_3, nicolae_vaults_specimen_jars,
          nicolae_vaults_border_crossing
Vaults:2: nicolae_vaults_network_quinsquares, v_misc_9, grunt_vaults_diagonal,
          ontoclasm_vaults_loading_screen, special_room_vaults,
          minmay_crypt_entry_simple_walls, vaults_room_pools,
          ontoclasm_vaults_fault, ontoclasm_vaults_decontamination
Vaults:3: hangedman_vaults_restitches, ontoclasm_vaults_tryst,
          vaults_mumra_minichess_inversion, nicolae_vaults_murderbox,
          vaults_standard_mumra_x, vaults_room_pools, v_alt_pattern_2,
          vaults_mumra_hexcomb, uniq_mennas, uniq_bai_suzhen
Vaults:4: hangedman_vaults_nodes, vaults_dpeg_spiral, st_lines,
          nicolae_vaults_windows_and_doors_thing,
          ontoclasm_vaults_claustrophobia, nicolae_vaults_big_angled_halls,
          vaults_room_octagon, ontoclasm_vaults_eye, nicolae_vaults_rhombus_6,
          nicolae_vaults_yaktaur_gun_rack, v_misc_3,
          nicolae_vaults_little_squares_1, vaults_dpeg_encased_lava,
          hangedman_vaults_slice
Bazaar:   bazaar_kb_twisted_cavern
Bailey:   bailey_axe_1, bailey
IceCv:    ice_cave_small_necro
Volcano:  kennysheep_volcano_temple

Skill      XL: |  1  2  3  4  5  6  7  8  9 10 11 12 13 14 15 16 17 18 19 20 21 |
---------------+----------------------------------------------------------------+-----
Armour         | 2 3 4 5 6 7 9 10 12 13 | 13.7
Fighting       | 2 3 4 5 7 8 9 10 12 13 14 15 16 17 18 | 18.7
Shields        | 2 3 4 6 8 9 10 11 12 13 14 15 | 15.0
Polearms       | 1 2 3 4 6 7 |  7.3
Axes           | 4 6 9 11 13 14 16 17 18 | 18.7
Dodging        | 3 6 8 10 11 12 | 12.3
Invocations    | 6 8 |  8.8
Short Blades   | |  0.1
Spellcasting   | |  1.3
Summonings     | |  4.1
Evocations     | |  1.0

Action                   |  1- 3 |  4- 6 |  7- 9 | 10-12 | 13-15 | 16-18 | 19-21 || total
-------------------------+-------+-------+-------+-------+-------+-------+-------++-------
Melee: Dagger            |    71 |       |    71 |       |       |       |       ||   142
       Short sword       |    89 |   251 |    40 |       |       |       |       ||   380
       Peck              |       |     8 |   105 |   172 |   314 |   527 |   614 ||  1740
       Trident           |       |       |   231 |   315 |    92 |       |       ||   638
       Broad axe         |       |       |   159 |   394 |  1131 |  1681 |  1628 ||  4993
       Executioner's axe |       |       |       |       |       |    25 |       ||    25
 Cast: Call Imp          |    14 |       |       |       |       |       |       ||    14
Invok: Burn Spellbooks   |       |     1 |     1 |     2 |       |     1 |     3 ||     8
       Berserk           |       |       |     4 |     9 |    13 |    13 |     4 ||    43
       Trog's Hand       |       |       |     1 |     3 |     5 |     6 |     1 ||    16
       Brothers in Arms  |       |       |       |     4 |     5 |     5 |     1 ||    15
       Lesser Servant of |       |       |       |       |       |       |     5 ||     5
       Greater Servant o |       |       |       |       |       |       |     1 ||     1
Evoke: Wand              |       |     2 |    31 |    41 |    11 |       |       ||    85
  Use: Potion            |     1 |     5 |     3 |     6 |     6 |     4 |    11 ||    36
       Scroll            |     3 |     6 |     6 |    15 |    11 |     9 |     5 ||    55
 Stab: Sleeping          |       |     1 |     2 |       |       |       |       ||     3
       Confused          |       |       |       |       |     4 |       |       ||     4
       Petrified         |       |       |       |       |     2 |     5 |       ||     7
       Petrifying        |       |       |       |       |     1 |     2 |       ||     3
       Distracted        |       |       |       |       |       |     1 |     2 ||     3
  Eat: Chunk             |     5 |     3 |    17 |    16 |    37 |    15 |    22 ||   115
       Ration            |       |     1 |       |     4 |     3 |    11 |     3 ||    22
Armor: Robe              |    13 |       |    61 |       |       |       |       ||    74
       Leather armour    |    25 |    20 |       |       |       |       |       ||    45
       Scale mail        |       |    11 |       |       |       |       |       ||    11
       Plate armour      |       |   152 |   261 |   425 |   639 |   495 |   350 ||  2322
       Chain mail        |       |       |       |     8 |       |       |       ||     8
       Storm dragon scal |       |       |       |       |       |       |    52 ||    52
Dodge: Dodged            |    89 |    66 |   169 |   110 |   165 |   294 |   527 ||  1420
Block: Buckler           |    28 |    50 |   143 |       |       |       |       ||   221
       Shield            |       |       |     4 |   557 |  1015 |  1693 |  1479 ||  4748
       Reflection        |       |       |       |       |    37 |   240 |   106 ||   383
       Other             |       |       |       |       |       |     8 |       ||     8

Table legend:
 A = Spawn XP
 B = Non-spawn XP
 C = Spawn XP percentage of total XP
 D = Spawn monster count
 E = Non-spawn monster count
 F = Spawn count percentage of total count
 G = Total turns spent on level
                    A         B        C        D         E        F      G
               +---------+---------+-------+---------+---------+-------+---------
         Total |       0 |  645368 |   0.0 |       0 |    1624 |   0.0 | 39081
               +---------+---------+-------+---------+---------+-------+---------
           D:1 |       0 |      35 |   0.0 |       0 |      26 |   0.0 |  1132
           D:2 |       0 |      35 |   0.0 |       0 |      20 |   0.0 |   810
           D:3 |       0 |      63 |   0.0 |       0 |      16 |   0.0 |  1014
           D:4 |       0 |     529 |   0.0 |       0 |      19 |   0.0 |   879
           D:5 |       0 |     477 |   0.0 |       0 |      21 |   0.0 |   816
           D:6 |       0 |     838 |   0.0 |       0 |      30 |   0.0 |  1070
           D:7 |       0 |     741 |   0.0 |       0 |      21 |   0.0 |   568
           D:8 |       0 |    1670 |   0.0 |       0 |      26 |   0.0 |  1449
           D:9 |       0 |     997 |   0.0 |       0 |      27 |   0.0 |   990
          D:10 |       0 |    3021 |   0.0 |       0 |      22 |   0.0 |   970
          D:11 |       0 |    5698 |   0.0 |       0 |      63 |   0.0 |  1497
          D:12 |       0 |   10172 |   0.0 |       0 |      44 |   0.0 |  1009
          D:13 |       0 |    9059 |   0.0 |       0 |      39 |   0.0 |  1029
          D:14 |       0 |   19003 |   0.0 |       0 |      66 |   0.0 |  1148
          D:15 |       0 |   18982 |   0.0 |       0 |      44 |   0.0 |  1108
        Lair:1 |       0 |    2897 |   0.0 |       0 |      15 |   0.0 |   890
        Lair:2 |       0 |    7570 |   0.0 |       0 |      29 |   0.0 |  1029
        Lair:3 |       0 |    7632 |   0.0 |       0 |      26 |   0.0 |   908
        Lair:4 |       0 |    9035 |   0.0 |       0 |      28 |   0.0 |  1036
        Lair:5 |       0 |    8480 |   0.0 |       0 |      32 |   0.0 |  1089
        Lair:6 |       0 |   23920 |   0.0 |       0 |      66 |   0.0 |  1346
      Shoals:1 |       0 |    7830 |   0.0 |       0 |      20 |   0.0 |   794
      Shoals:2 |       0 |    5628 |   0.0 |       0 |      16 |   0.0 |   632
      Shoals:3 |       0 |   11329 |   0.0 |       0 |      25 |   0.0 |   542
      Shoals:4 |       0 |   37086 |   0.0 |       0 |      58 |   0.0 |  1105
       Snake:1 |       0 |   30460 |   0.0 |       0 |      63 |   0.0 |  1505
       Snake:2 |       0 |   13222 |   0.0 |       0 |      23 |   0.0 |   757
       Snake:3 |       0 |   27090 |   0.0 |       0 |      47 |   0.0 |  1512
       Snake:4 |       0 |   92567 |   0.0 |       0 |     151 |   0.0 |  2479
         Orc:1 |       0 |    1774 |   0.0 |       0 |      16 |   0.0 |   432
         Orc:2 |       0 |   21055 |   0.0 |       0 |      66 |   0.0 |   817
      Vaults:1 |       0 |  115555 |   0.0 |       0 |     152 |   0.0 |  1873
      Vaults:2 |       0 |   27641 |   0.0 |       0 |      77 |   0.0 |  1603
      Vaults:3 |       0 |   95280 |   0.0 |       0 |     125 |   0.0 |  1816
      Vaults:4 |       0 |   13621 |   0.0 |       0 |      16 |   0.0 |   324
        Bailey |       0 |    1087 |   0.0 |       0 |      27 |   0.0 |   193
         IceCv |       0 |    6308 |   0.0 |       0 |      54 |   0.0 |   439
       Volcano |       0 |    6981 |   0.0 |       0 |       8 |   0.0 |   351
               +---------+---------+-------+---------+---------+-------+---------
